cohdb
Replays
Latest Replays
All Replays
Popular Replays
Top Player Replays
Match Explorer
How It Works
Community
CoH3 Stats
Reddit
Sign in to upload your games and track your stats! →
Sign in with Steam
Match 23216013
Unlisted
Match 23216013
Overview
Messages
Build Orders
End
Selects Special Operations Battlegroup
Selects M29 Weasel Recon Vehicle
Engineer Squad
M29 Weasel Recon Vehicle
Construct Barracks
Riflemen Squad
M1 Mortar Team
Riflemen Squad
M29 Weasel Recon Vehicle
Construct Weapon Support Center
Infantry Support Center
M3 Armored Personnel Carrier
Construct Tank Depot
M1919 Machine Gun Team
Grenade Package
M18 Hellcat Tank Destroyer
M4A1 Sherman Medium Tank
Captain Retinue
Selects P-47 Anti-Infantry Loiter
P-47 Anti-Infantry Loiter
Selects Smoke Screen
.30 cal Machine Gun
M4A1 Sherman Medium Tank
M18 Hellcat Tank Destroyer
Selects SSF Commando Squad
Engineer Squad
SSF Commando Squad
M4A1 Sherman Medium Tank
M4A1 Sherman Medium Tank
davidadush
gb_gbg
abs59il
SneaKerz
任何邪恶
狼 Danny G
LeRafleur
十戒
0
0
Comments
sign in to comment!
No comments posted yet!